 Dungeon Crawl Stone Soup version 0.31-a0-988-g08d55dae12 (webtiles) character file.

Game seed: 15124638080105886198

9 Azuregosa the Sneak (level 2, 14/14 HPs)
             Began as a Felid Delver on Nov 5, 2023.
             Was an Initiate of Dithmenos.
             Quit the game on level 4 of the Dungeon.
             The game lasted 00:03:52 (323 turns).

Azuregosa the Sneak (Felid Delver)                   Turns: 323, Time: 00:03:52

Health: 14/14      AC:  1    Str:  8    XL:     2   Next: 6%
Magic:  3/3        EV: 18    Int: 11    God:    Dithmenos [......]
Gold:   20         SH:  0    Dex: 17    Spells: 1/1 levels left
                                        Lives:  0   Deaths: 1

rFire   . .          .
                       - Unarmed
rCold   . . .        (shield unavailable)
rNeg    . . .        (body armour unavailable)
rPois   .            (helmet unavailable)
rElec   .            (cloak unavailable)
rCorr   .            (gloves unavailable)
SInv    +            (boots unavailable)
Will    .....        g - amulet of regeneration
Stlth   ++++         (no ring)
HPRegen 1.02/turn    (no ring)
MPRegen 0.08/turn

%: no passive effects
@: quick
A: very small, claws 1, fangs 3, see invisible, speed 1, shaggy fur 1, stealthy
paws, no weapons or thrown items, no armour, multi-lived
a: Renounce Religion


You were on level 4 of the Dungeon.
You worshipped Dithmenos.
Dithmenos was noncommittal.
You visited 1 branch of the dungeon, and saw 3 of its levels.

You collected 20 gold pieces.

Inventory:

Jewellery
 g - an amulet of regeneration (around neck)
Wands
 e - a wand of digging (2)
Scrolls
 a - a scroll of fog
 b - a scroll of revelation
 c - a scroll of identify {unknown}
 f - a scroll of blinking {unknown}


   Skills:
 + Level 3.1 Fighting
 + Level 3.0 Dodging
 + Level 6.7 Stealth
 + Level 2.2 Unarmed Combat


You had one spell level left.
You didn't know any spells.
Your spell library was empty.

Dungeon Overview and Level Annotations

Branches:
Dungeon (5/15)
 Temple: D:4-7

Altars:
Dithmenos
Okawaru

Shops:
D:5 *=

Annotations:
D:4 Sigmund


Innate Abilities, Weirdness & Mutations

You have sharp claws.
You have razor-sharp teeth.
You have supernaturally acute eyesight. (SInv)
You cover ground quickly. (Speed+)
You are covered in fur. (AC +1)
Your paws help you pounce on unaware monsters.
You are incapable of wielding weapons or throwing items.
You cannot wear armour.
You gain extra lives every three experience levels.


Message History

There is a stone staircase leading down, spattered with blood here.
You see here a manual of Throwing.
Found 5 stones.
c - a scroll labelled NIMIDE QAMO A hobgoblin comes into view.
There are no items here.
The hobgoblin shouts!
A kobold comes into view. It is wielding a +0 whip.
A bat comes into view.
The bat hits you but does no damage.
You miss the bat. The bat hits you but does no damage.
The bat completely misses you.
You scratch the bat.
You kill the bat!
Dithmenos accepts your kill.
Found a stone staircase leading down.
Found a stone staircase leading up.
There is a stone staircase leading down here.
You climb downwards.
You hear the hiss of flowing sand.
There is an entrance to an ossuary on this level.
Hurry and find it before the portal is buried!
You hear the hiss of a distant avalanche of sand.
A malevolent force fills the Dungeon... and a teleportation trap spontaneously manifests!
You are yanked towards some nearby monsters!
Your surroundings suddenly seem different.
You feel yourself speed up.
A gnoll comes into view. It is wielding a +0 spear.
The ball python completely misses you. The ball python barely misses you.
The gnoll hits you from afar with a +0 halberd!
Ouch! That really hurt!
The gnoll misses you.
Sigmund the Dreaded comes into view.
He is wielding a +1 heavy scythe.
Sigmund shouts!
You hear a shout!
Sigmund points at you and mumbles some strange words.
The puff of flame hits you!
Ouch! That really hurt!
You die...
You rejoin the land of the living...
Found 11 gold pieces.
Are you sure you want to abandon this character and quit the game? (Confirm with "yes".)

.. ## ####.
...#. ##...#
......#
.#.....##
##....$..###
..........#
.......@# .
##.....##...
##.....#....
#........#
#...<....#
#...........
##........._
#...........
#..##.##..#?.


There were no monsters in sight!

Vanquished Creatures
  2 orcs (D:3)
  A bat (D:3)
  A quokka (D:4)
  2 goblins
  A kobold (D:3)
7 creatures vanquished.

Notes
Turn   | Place    | Note
-------+----------+-------------------------------------------
     0 | D:5      | Azuregosa the Felid Delver began the quest for the Orb.
     0 | D:5      | Reached XP level 1. HP: 10/10 MP: 2/2
     0 | D:5      | Found Uvemaip's Jewellery Emporium.
    19 | D:5      | Noticed a sleepcap
    23 | D:5      | Noticed a quasit
    24 | D:5      | Noticed a quasit
    72 | D:3      | Found a shadowy altar of Dithmenos.
    84 | D:3      | Became a worshipper of Dithmenos the Shadowed
   131 | D:3      | Reached XP level 2. HP: 14/14 MP: 3/3
   314 | D:4      | Found an iron altar of Okawaru.
   322 | D:4      | Noticed Sigmund
   322 | D:4      | Killed from afar by Sigmund
   323 | D:4      | Quit the game

Illustrated notes

Levels and vault maps discovered:
D:3:      layout_rooms, mainiacjoe_overflow_tiny_flanked,
          kennysheep_generic_room_7
D:4:      layout_rooms, okawaru_gym_becter, cheibriados_altar_1,
          mainiacjoe_ossuary_entry_find_the_door, uniq_sigmund
D:5:      layout_loops_ring, gammafunk_temple_overflow_statue,
          minmay_temple_entry_statues_fountains, serial_demonic,
          serial_demonic_a, serial_demonic_d, serial_demonic_b,
          serial_demonic_e, serial_shops, shop,
          nicolae_shop_pleasant_corner_grove, shop, shop, shop

Skill      XL: |  1 |
---------------+----+-----
Dodging        | 3 |  3.0
Fighting       | |  3.1
Stealth        | |  6.7
Unarmed Combat | |  2.2

Action                     || total
---------------------------++-------
  Melee: Unarmed           ||    14
         Bite              ||     2
         Punch             ||     1
  Evoke: Wand              ||     1
    Use: Scroll            ||     1
         Potion            ||     1
   Stab: Sleeping          ||     1
 Armour: Skin              ||     9
  Dodge: Dodged            ||    17

Table legend: (Time is in decaauts)
 A = Elapsed time spent in this place.
 B = Non-inter-level travel time spent in this place.
 C = Inter-level travel time spent in this place.
 D = Time resting spent in this place.
 E = Time spent auto-exploring this place.
 F = Levels seen in this place.
 G = Mean time per level.
                   A        B        C        D        E       F      G
               +--------+--------+--------+--------+--------+-----+--------+
         Total |    283 |    283 |      0 |    100 |      7 |   3 |   94.3 |
       Dungeon |    283 |    283 |      0 |    100 |      7 |   3 |   94.3 |
               +--------+--------+--------+--------+--------+-----+--------+

Top non-repeatable levels by time:
     D:3: 217 daAuts
     D:4: 33 daAuts
     D:5: 32 daAuts
